 Dungeon Crawl Stone Soup version 0.27.0-1-g7a089689b8 (webtiles) character file.

Game seed: 10735016211988451522

18669 ZARRMARR the Severer (level 12, -23/107 HPs)
             Began as a Hill Orc Monk on Aug 10, 2021.
             Was a Priest of Beogh.
             Killed from afar by a deep elf knight (33 damage)
             ... with a shard of ice
             ... on level 13 of the Dungeon.
             The game lasted 01:51:50 (16184 turns).

ZARRMARR the Severer (Hill Orc Monk)               Turns: 16184, Time: 01:51:50

Health: -23/107    AC: 15    Str: 21    XL:     12   Next: 60%
Magic:  0/12       EV: 14    Int:  7    God:    Beogh [***...]
Gold:   724        SH:  0    Dex: 19    Spells: 11/11 levels left

rFire    . . .     SeeInvis .   I - +3 war axe
rCold    . . .     Faith    .   (no shield)
rNeg     . . .     Spirit   +   q - +2 ring mail {Will+}
rPois    .         Reflect  .   C - +0 helmet
rElec    +         Harm     .   Q - scarf {repulsion}
rCorr    .         Rampage  +   Y - +2 pair of gloves
Will     +....                  e - +1 pair of boots {rampage}
Stlth    ++........             J - amulet of guardian spirit
HPRegen  0.27/turn              z - ring "Juneem" {rElec Str+2 Int-3 Dex+6}
MPRegen  0.13/turn              o - +4 ring of slaying

@: studying Axes, repel missiles
A: no striking features
a: Renounce Religion, Smiting


You were on level 13 of the Dungeon.
You worshipped Beogh.
Beogh was most pleased with you.
You visited 2 branches of the dungeon, and saw 14 of its levels.

You collected 724 gold pieces.

Inventory:

Hand Weapons
 f - a +1 trident of protection
 u - the +6 hunting sling of Riewkown {freeze, rPois Stlth+}
   (You found it on level 4 of the Dungeon)

   Any ammunition fired from it freezes those it strikes, dealing additional
   cold damage.
   It can also slow down cold-blooded creatures.
   rPois:     It protects you from poison.
   Stlth:     It makes you more stealthy.
 I - a +3 war axe (weapon)
 P - a +1 trident of freezing
 X - a +1 quarterstaff of pain
Missiles
 i - 88 poisoned darts (quivered)
 s - a throwing net
 t - 103 sling bullets
 E - 5 datura-tipped darts
 L - a curare-tipped dart
 U - 2 javelins
Armour
 e - a +1 pair of boots of rampaging (worn)
 g - +0 acid dragon scales
 q - a +2 ring mail of willpower (worn)
 y - a +0 troll leather armour
 C - a +0 helmet (worn)
 D - the +1 robe of Gaemaf {rF+ Slay+2}
   (You found it on level 6 of the Dungeon)

   Slay:      It affects your accuracy & damage with ranged weapons and melee
   (+2).
   rF:        It protects you from fire.
 Q - a scarf of repulsion (worn)
 S - a +2 cloak of poison resistance
 Y - a +2 pair of gloves (worn)
Magical Staves
 d - a staff of cold
 H - a staff of earth
Jewellery
 h - a ring of protection from fire
 j - an amulet of regeneration
 o - a +4 ring of slaying (right hand)
 z - the ring "Juneem" (left hand) {rElec Str+2 Int-3 Dex+6}
   (You found it on level 5 of the Dungeon)

   [ring of dexterity]

   Str:       It affects your strength (+2).
   Int:       It affects your intelligence (-3).
   Dex:       It affects your dexterity (+6).
   rElec:     It insulates you from electricity.
 J - an amulet of guardian spirit (around neck)
 M - a ring of poison resistance
 R - a ring of fire
Wands
 l - a wand of polymorph (5)
 p - a wand of flame (31)
 N - a wand of iceblast (18)
 V - a wand of digging (7)
Scrolls
 c - 2 scrolls of fog
 r - 3 scrolls of immolation
 B - a scroll of noise
 F - 2 scrolls of magic mapping
 G - 2 scrolls of vulnerability {unknown}
 O - a scroll of amnesia {unknown}
 T - a scroll of enchant armour {unknown}
 W - a scroll of enchant weapon {unknown}
Potions
 b - a potion of cancellation
 k - 5 potions of curing
 m - 6 potions of mutation
 v - a potion of flight {unknown}
 w - 2 potions of magic {unknown}
 x - a potion of invisibility {unknown}
 A - 2 potions of attraction
 K - a potion of berserk rage {unknown}
Miscellaneous
 a - a tin of tremorstones (2/2)


   Skills:
 + Level 10.5 Fighting
 + Level 15.0 Axes
 + Level 3.4(6.5) Slings
 + Level 8.8(9.1) Throwing
 + Level 8.2 Armour
 + Level 5.5 Dodging
 + Level 4.8 Stealth
 + Level 1.1 Evocations


You had 11 spell levels left.
You didn't know any spells.
Your spell library was empty.

Dungeon Overview and Level Annotations

Branches:
Dungeon (13/15)            Temple (1/1) D:5            Lair (0/6) D:11
    Orc (0/2) D:9
 Vaults: D:13-14

Altars:
Ashenzari
Cheibriados
Dithmenos
Elyvilon
Fedhas
Gozag
Hepliaklqana
Kikubaaqudgha
Makhleb
Nemelex Xobeh
Okawaru
Qazlal
Ru
Sif Muna
Trog
Uskayaw
Vehumet
Wu Jian
Xom
Yredelemnul
Zin
The Shining One
Beogh

Shops:
D:2 *   D:6 *   D:12 =

Annotations:
D:11 4 runed translucent doors


Message History

The kobold brigand hits your orc warrior with a +0 club!
The deep elf knight casts a spell.
The deep elf knight flickers and vanishes!
Deactivating autopickup; reactivate with Ctrl-A.
You see here a poisoned dart.
Aiming: Smiting
Press: ? - help, Dir - move target, f - kobold brigand Smite: a kobold brigand, wielding a +0 club and quivering curare-tipped darts (heavily wounded, ally target)
You smite the kobold brigand!
The kobold brigand is almost dead.
You can no longer recall your orcish followers.
Something hits your orc warrior!
Your orc warrior completely misses something.
Your orc warrior hits the kobold brigand with a +1 vorpal war axe.
The kobold brigand dies!
Beogh accepts your kill.
Your orc warrior looks more experienced.
Okay, then.
Something hits your orc warrior.
The ogre barely misses your orc warrior.
Something hits your orc warrior!!
Your orc warrior dies!
You hear some strange, mumbled words.
A shard of ice appears from out of thin air!
The shard of ice hits you!!
* * * LOW HITPOINT WARNING * * *
You swap places.
Something hits your orc warrior!! Something hits your orc warrior!
Your orc warrior dies!
You hear some strange, mumbled words.
A shard of ice appears from out of thin air!
The shard of ice misses you.
You hear some strange, mumbled words.
A lance of force appears from out of thin air!
The lance of force hits you but does no damage.
You hear some strange, mumbled words.
A shard of ice appears from out of thin air!
The shard of ice hits you!!
You die...

###########################
...........................
#..........(..............
#....$.......####..<###.##
#.$..........# #...# #.##
#.....)......# #...# #.##
#.......@...# #...# #.##
#....†......# #...# #.##
#......o....# #...###.##
#...{o......# #.......##
#..OO.......# #.......##
#.K.........####.......##
..#.#####).......................
.......))........................
......)..........................


You could see a kobold brigand, 2 ogres, a friendly orc warrior and a friendly
orc wizard.

Vanquished Creatures
  Josephine (D:10)
  A hydra (D:13)
  A boulder beetle (D:11)
  3 death yaks (D:11)
  5 two-headed ogres
  A deep elf pyromancer (D:10)
  A deep elf zephyrmancer (D:13)
  An orc knight (D:9)
  3 cyclopes
  2 centaur zombies (D:10)
  2 gargoyles
  2 unseen horrors
  2 trolls (D:11)
  A hornet (D:7)
  A slime creature (D:10)
  A meliai zombie (D:11)
  A vampire (D:9)
  A shadow (D:11)
  5 yaks (D:10)
  5 wraiths (D:10)
  A wyvern (D:8)
  2 basilisks
  A steam dragon (D:7)
  3 acid dragons
  A water moccasin (D:9)
  A sky beast (D:8)
  4 orc warriors
  2 black bears (D:6)
  5 ogres
  7 centaurs
  A phantom (D:5)
  3 kobold brigands
  2 gnoll sergeants
  3 scorpions
  6 wights
  8 howler monkeys
  3 lava snakes (D:11)
  A jelly (D:6)
  A hound (D:5)
  2 bullfrog skeletons
  2 orc priests
  A centaur skeleton (D:7)
  2 gnoll shamans
  An iguana (D:4)
  Jessica (D:3)
  Terence (D:3)
  9 orc wizards
  A hell rat (D:11)
  A howler monkey zombie (D:8)
  19 gnolls
  11 adders
  A river rat (D:11)
  A shadow imp (D:7)
  A white imp (D:7)
  An ufetubus (D:7)
  2 dart slugs
  36 orcs
  5 endoplasms
  5 giant cockroaches
  4 hobgoblins
  3 jackals (D:1)
  21 kobolds
  7 quokkas
  6 ball pythons
  A bat (D:1)
  6 frilled lizards
  8 goblins
  5 rats
259 creatures vanquished.

Vanquished Creatures (collateral kills)
  Sigmund (D:3)
  A shadow (D:9)
  2 kobold brigands (D:13)
  2 wights (D:9)
  An orc wizard (D:11)
7 creatures vanquished.

Vanquished Creatures (others)
  2 orc warriors (D:13)
  5 orcs
7 creatures vanquished.

Grand Total: 273 creatures vanquished

Notes
Turn   | Place    | Note
-------+----------+-------------------------------------------
     0 | D:1      | ZARRMARR the Hill Orc Monk began the quest for the Orb.
     0 | D:1      | Reached XP level 1. HP: 19/19 MP: 1/1
   299 | D:1      | Reached XP level 2. HP: 12/27 MP: 2/2
   617 | D:1      | Found a faded altar of an unknown god.
  1110 | D:1      | Identified a scroll of acquirement
  1110 | D:1      | Acquired a +1 pair of boots of rampaging
  1151 | D:2      | Reached XP level 3. HP: 31/33 MP: 3/3
  1433 | D:2      | Found Wiykhlui's Assorted Antiques.
  1720 | D:3      | Noticed Terence
  1728 | D:3      | Killed Terence
  1729 | D:3      | Reached XP level 4. HP: 28/40 MP: 4/4
  2004 | D:3      | Reached skill level 1 in Throwing
  2050 | D:3      | Noticed Sigmund
  2193 | D:4      | Reached skill level 5 in Axes
  2193 | D:4      | Reached XP level 5. HP: 44/46 MP: 5/5
  2436 | D:4      | Identified the +6 hunting sling of Riewkown {freeze, rPois
                  | Stlth+}
  2505 | D:4      | Noticed an ogre
  2509 | D:4      | Killed an ogre
  2510 | D:4      | Reached XP level 6. HP: 53/53 MP: 6/6
  2539 | D:4      | Reached skill level 6 in Axes
  2539 | D:4      | Reached skill level 1 in Armour
  3387 | D:3      | Killed Sigmund
  3388 | D:3      | Reached XP level 7. HP: 48/60 MP: 7/7
  3804 | D:3      | Reached skill level 7 in Axes
  3959 | D:3      | Noticed Jessica
  3963 | D:3      | Killed Jessica
  3964 | D:3      | Reached skill level 1 in Slings
  4264 | D:5      | Entered Level 5 of the Dungeon
  4370 | D:5      | Reached skill level 5 in Fighting
  4626 | D:5      | Identified the ring "Juneem" {rElec Str+2 Int-3 Dex+6}
  4997 | D:5      | Found a staircase to the Ecumenical Temple.
  5003 | Temple   | Entered the Ecumenical Temple
  5234 | D:5      | Reached XP level 8. HP: 68/68 MP: 8/8
  5420 | D:6      | Found Nomon's Assorted Antiques.
  5594 | D:6      | Identified the +1 robe of Gaemaf {rF+ Slay+2}
  5636 | D:6      | Reached skill level 8 in Axes
  6899 | D:7      | Reached XP level 9. HP: 69/75 MP: 9/9
  6963 | D:7      | Noticed a hornet
  7054 | D:8      | Reached skill level 9 in Axes
  7055 | D:8      | Noticed a two-headed ogre
  7058 | D:8      | Reached skill level 5 in Armour
  7066 | D:8      | Killed a two-headed ogre
  7067 | D:8      | Reached skill level 5 in Throwing
  7912 | D:7      | Killed a hornet
  7913 | D:7      | Reached skill level 10 in Axes
  8106 | D:7      | You fall into a shaft and drop 2 floors!
  8125 | D:9      | Found a staircase to the Orcish Mines.
  8225 | D:9      | Became a worshipper of Beogh the Brigand
  8225 | D:9      | Reached * piety under Beogh
  8225 | D:9      | Reached ** piety under Beogh
  8319 | D:9      | Reached XP level 10. HP: 84/84 MP: 10/10
  8714 | D:7      | Found a runed translucent door.
 10142 | D:10     | Entered Level 10 of the Dungeon
 10151 | D:10     | Noticed an orc knight
 10258 | D:9      | Killed an orc knight
 10454 | D:10     | Reached skill level 11 in Axes
 10476 | D:10     | Found a bloodstained altar of Trog.
 10674 | D:10     | Noticed a deep elf pyromancer
 10817 | D:10     | Killed a deep elf pyromancer
 10818 | D:10     | Reached XP level 11. HP: 84/94 MP: 8/11
 11067 | D:10     | Noticed a two-headed ogre
 11076 | D:10     | Killed a two-headed ogre
 11077 | D:10     | Reached skill level 12 in Axes
 11443 | D:10     | Noticed Josephine
 11469 | D:10     | Killed Josephine
 11476 | D:10     | Reached skill level 5 in Dodging
 12013 | D:7      | Reached *** piety under Beogh
 12136 | D:7      | Found a roughly hewn altar of Beogh.
 12384 | D:11     | Noticed a death yak
 12396 | D:11     | Noticed a death yak
 12404 | D:11     | Noticed a death yak
 12405 | D:11     | Killed a death yak
 12406 | D:11     | Reached skill level 13 in Axes
 12425 | D:11     | Found a staircase to the Lair.
 12589 | D:11     | Killed a death yak
 12648 | D:11     | Killed a death yak
 13067 | D:11     | Reached skill level 1 in Evocations
 13174 | D:11     | Noticed a cyclops
 13182 | D:11     | Killed a cyclops
 13418 | D:11     | Reached XP level 12. HP: 84/105 MP: 9/12
 13547 | D:11     | Noticed a boulder beetle
 13586 | D:11     | Killed a boulder beetle
 13776 | D:11     | Found a huge runed translucent gate.
 13776 | D:11     | Found a huge runed translucent gate.
 13777 | D:11     | Found a huge runed translucent gate.
 13778 | D:11     | Found a huge runed translucent gate.
 13780 | D:11     | Noticed a death yak
 14343 | D:12     | Reached skill level 14 in Axes
 14563 | D:12     | Acquired a manual of Axes
 14583 | D:12     | Reached skill level 10 in Fighting
 14590 | D:12     | Noticed a two-headed ogre
 14594 | D:12     | Killed a two-headed ogre
 15431 | D:12     | You fall into a shaft and drop 1 floor!
 15432 | D:13     | Noticed a five-headed hydra
 15432 | D:13     | Noticed a two-headed ogre
 15437 | D:13     | Killed a six-headed hydra
 15450 | D:13     | Killed a two-headed ogre
 15856 | D:12     | Found Qanusoez's Jewellery Shoppe.
 16125 | D:13     | Noticed a two-headed ogre
 16133 | D:13     | Killed a two-headed ogre
 16164 | D:13     | Noticed a deep elf knight
 16170 | D:13     | Reached **** piety under Beogh
 16171 | D:13     | Reached skill level 15 in Axes
 16184 | D:13     | Killed from afar by a deep elf knight

Illustrated notes

Levels and vault maps discovered:
D:1:      sevenhm_arrival_forest_fort_large_4, layout_loops_ring,
          basic_ecumenical_altar, minmay_pentomino_x2
D:2:      layout_basic, serial_shops, nicolae_shop_behind_doors
D:3:      minmay_chambers_of_twos, layout_basic, uniq_jessica, uniq_sigmund,
          uniq_terence
D:4:      layout_gridville
D:5:      layout_rooms, temple_statues, saegor_snake_ambush
D:6:      layout_loops_cross, serial_shops, nicolae_shop_behind_doors,
          kennysheep_doodads
D:7:      layout_basic, lightli_church_of_beogh
D:8:      layout_basic
D:9:      layout_irregular_city, orc_0_dummy
D:10:     layout_loops_ring, lemuel_round_altar, st_stairs_9,
          minmay_diced_spiral, uniq_josephine
D:11:     lemuel_bear_cage, layout_loops_ring, dpeg_lair_monsters,
          kennysheep_diamond, nzn_sisyphean_effort
D:12:     layout_irregular_city, serial_shops, nicolae_shop_behind_doors
D:13:     layout_long_grid, hangedman_vaults_entry_quadrant_bands, uniq_maurice
Temple:   minmay_crystal_snake_temple

Skill      XL: |  1  2  3  4  5  6  7  8  9 10 11 12 |
---------------+-------------------------------------+-----
Fighting       | 4 5 6 8 9 10 | 10.5
Dodging        | 3 4 5 |  5.5
Stealth        | 2 3 4 |  4.8
Throwing       | 1 2 3 4 5 7 8 |  8.8
Axes           | 5 6 7 8 10 11 13 15 | 15.0
Armour         | 1 2 4 6 7 8 |  8.2
Slings         | 1 2 3 |  3.4
Evocations     | 1 |  1.1

Action                   |  1- 3 |  4- 6 |  7- 9 | 10-12 || total
-------------------------+-------+-------+-------+-------++-------
Melee: Hand axe          |    80 |    66 |   230 |       ||   376
       War axe           |       |       |    11 |   373 ||   384
       Trident           |       |       |       |    15 ||    15
 Fire: Hunting sling     |       |     5 |     5 |    29 ||    39
Throw: Stone             |    19 |     3 |     2 |    46 ||    70
       Dart              |     6 |    18 |    34 |    62 ||   120
       Boomerang         |       |     9 |    52 |       ||    61
       Javelin           |       |       |       |    19 ||    19
       Throwing net      |       |       |       |     3 ||     3
Invok: Convert to Beogh  |       |       |     1 |       ||     1
       Smiting           |       |       |       |     1 ||     1
Evoke: Wand              |       |       |       |     5 ||     5
  Use: Scroll            |     3 |     4 |     7 |    13 ||    27
       Potion            |       |     1 |     3 |     6 ||    10
 Stab: Sleeping          |     7 |     1 |     5 |     3 ||    16
       Distracted        |       |       |       |     2 ||     2
Armor: Robe              |    19 |       |       |       ||    19
       Ring mail         |       |    27 |    85 |   128 ||   240
Dodge: Dodged            |    43 |    18 |   134 |   189 ||   384
       Repelled          |       |       |       |     5 ||     5
